 Dungeon Crawl Stone Soup version 0.29.1-2-gbd0b4ee654 (webtiles) character file.

Game seed: 9664850977486209160

6646 BreadTh the Grappler (level 10, -2/100 HPs)
             Began as a Troll Hedge Wizard on Nov 25, 2022.
             Was a High Priest of Okawaru.
             Constricted to death by an orc warrior (7 damage)
             ... on level 9 of the Dungeon.
             The game lasted 00:30:14 (7470 turns).

BreadTh the Grappler (Troll Hedge Wizard)           Turns: 7470, Time: 00:30:14

Health: -2/100     AC: 11    Str: 20    XL:     10   Next: 72%
Magic:  0/12       EV:  8    Int: 14    God:    Okawaru [*****.]
Gold:   1587       SH:  0    Dex:  9    Spells: 6/13 levels left

rFire   . . .      SeeInvis .     - Unarmed
rCold   . . .      Faith    .   (no shield)
rNeg    . . .      Spirit   .   a - +1 steam dragon scales
rPois   .          Reflect  .   A - +2 hat
rElec   .          Harm     .   (no cloak)
rCorr   .          Rampage  .   (gloves unavailable)
Will    .....                   (boots unavailable)
Stlth   +++.......              (no amulet)
HPRegen 1.06/turn               (no ring)
MPRegen 0.13/turn               (no ring)

@: lethally poisoned (-2 -> -8), heroic, grasped by roots, very slightly
contaminated, constricted
A: large, unfitting armour, claws 3, regeneration 1, shaggy fur 1, tough skin 1
a: Renounce Religion, Heroism, Finesse, Duel


You were on level 9 of the Dungeon.
You worshipped Okawaru.
Okawaru was extremely pleased with you.
You visited 2 branches of the dungeon, and saw 10 of its levels.
You also visited: Ossuary.

You collected 1587 gold pieces.

Inventory:

Hand Weapons
 w - a +3 spear of venom
Missiles
 e - 81 stones
 E - 6 silver boomerangs
 F - 12 poisoned darts
 G - a boomerang
Armour
 a - +1 steam dragon scales (worn)
 A - a +2 hat (worn)
 B - the +1 robe of Fortification {rF+}
   (Okawaru gifted it to you on level 9 of the Dungeon)

   rF:        It protects you from fire.
Wands
 D - a wand of quicksilver (10)
Scrolls
 g - 2 scrolls of enchant weapon
 i - 5 scrolls of teleportation
 m - a scroll of silence
 n - a scroll of noise
 s - 2 scrolls of immolation
 t - a scroll of fear
 y - 3 scrolls of amnesia
Potions
 c - 3 potions of ambrosia
 d - a potion of magic
 f - a potion of might
 h - 8 potions of curing
 j - a potion of berserk rage
 k - 2 potions of haste
 l - 3 potions of cancellation
 o - 2 potions of flight
 p - 3 potions of brilliance
 q - a potion of invisibility
 v - 4 potions of mutation {unknown}
 x - a potion of attraction {unknown}
 z - 2 potions of lignification {unknown}


   Skills:
 + Level 6.8(11.8) Fighting
 - Level 1.5(6.5) Dodging
 - Level 1.0(6.0) Stealth
 * Level 11.6(16.6) Unarmed Combat
 - Level 2.0 Spellcasting
 + Level 6.3 Conjurations
 - Level 0.6 Summonings
 - Level 0.6 Translocations


You had 6 spell levels left.
You knew the following spells:

 Your Spells              Type           Power      Damage    Failure   Level
a - Magic Dart            Conj           76%        1d6       1%          1
b - Conjure Flame         Conj/Fire      10%        6-21      21%         3
c - Mephitic Cloud        Conj/Pois/Air  7%         N/A       30%         3

Your spell library contained the following spells:

 Spells                   Type           Power      Damage    Failure   Level
 Slow                     Hex            4%         N/A       24%         1
 Blink                    Tloc           6%         N/A       28%         2
 Poisonous Vapours        Pois/Air       2%         N/A       34%         2
 Wereblood                Tmut           1%         N/A       34%         2
 Corpse Rot               Necr/Pois/Air  1%         N/A       93%         4
 Summon Small Mammal      Summ           Unusable   N/A       N/A         1
 Call Imp                 Summ           Unusable   N/A       N/A         2
 Call Canine Familiar     Summ           Unusable   N/A       N/A         3
 Summon Guardian Golem    Hex/Summ       Unusable   N/A       N/A         3
 Summon Ice Beast         Ice/Summ       Unusable   N/A       N/A         4
 Simulacrum               Ice/Necr       Unusable   N/A       N/A         6

Dungeon Overview and Level Annotations

Branches:
Dungeon (9/15)             Temple (1/1) D:5         Ossuary (visited)
   Lair: D:8-11         Orc: D:9-12

Altars:
Ashenzari
Cheibriados
Dithmenos
Elyvilon
Fedhas
Gozag
Kikubaaqudgha
Nemelex Xobeh
Okawaru
Ru
Sif Muna
Trog
Uskayaw
Wu Jian
Xom
Yredelemnul
The Shining One


Innate Abilities, Weirdness & Mutations

You are too large for most types of armour.
You have claws for hands.
Your natural rate of healing is unusually fast.
You are covered in fur. (AC +1)
You have tough skin. (AC +1)


Message History

You are more poisoned.
The killer bee poisons you! The yak barely misses you.
You mangle the yak!!
The yak is severely wounded.
You feel very sick. The killer bee stings you.
The killer bee barely misses you.
The killer bee stings you but does no damage.
The killer bee closely misses you. x2; The killer bee stings you!
The yak gores you!
* * * LOW HITPOINT WARNING * * *
The yak gores the killer bee!
An orc comes into view. It is wielding a +0 hand axe.
You claw the yak!
The yak is almost dead.
You feel very sick.
The killer bee stings you but does no damage. x3
An orc comes into view.
It is wielding a +0 dagger and wearing a +2 leather armour of positive energy.
The killer bee barely misses you. The killer bee stings you!
* * * LOW HITPOINT WARNING * * *
The killer bee barely misses you. The yak barely misses you.
An orc comes into view. It is wielding a +0 war axe.
An orc warrior comes into view.
It is wielding a +0 trident and carrying a wand of roots (6).
The killer bee attacks as you move away!
The killer bee stings you but does no damage.
You feel sick.
The killer bee stings you but does no damage.
The killer bee stings you.
* * * LOW HITPOINT WARNING * * *
The killer bee stings you but does no damage. x3
You gain the combat prowess of a mighty hero.
You feel sick. The killer bee closely misses you. The killer bee stings you!
* * * LOW HITPOINT WARNING * * *
You are lethally poisoned!
The killer bee poisons you! The killer bee completely misses you.
The killer bee misses you. The killer bee closely misses you. x2
The orc warrior zaps a wand.
The roots erupt in riotous growth!
The yak is unaffected.
The grasping roots grab you!
The killer bee is unaffected.
The grasping roots constrict you!
You die...

#... #.......
.............##
.......................#...
....................o......
......................Y....
..........≈≈≈......o. ...Y.
#.......§≈≈≈≈§.....# Y.....
.........§≈≈≈≈...Y###....Y.
.........≈≈≈≈≈..@y.#.......
.<........≈§≈...yy.........
.................Y.........
.....<........?............
.#..../................#...
#...............o.o...## ..
###....................# .
#......................
##...........§≈§.......


You could see 2 yaks, an orc warrior, 3 killer bees and 3 orcs.

Vanquished Creatures
  Erica (D:9)
  A centaur warrior (D:8)
  The ghost of kalagan the Magician, a novice DECj (D:7)
  2 wyverns
  4 yaks (D:9)
  A basilisk (D:8)
  2 steam dragons
  Menkaure (D:6)
  Edmund (D:5)
  A water moccasin (D:7)
  3 orc warriors (D:8)
  3 ice beasts
  A black bear (D:8)
  2 sky beasts (D:7)
  An ogre (D:6)
  4 centaurs
  A phantom (D:6)
  A kobold brigand (D:7)
  4 bullfrogs
  2 necrophages
  3 scorpions
  A water moccasin zombie (Ossuary)
  A wight (Ossuary)
  4 killer bees (D:9)
  2 howler monkeys
  An electric eel (D:8)
  5 centaur zombies (Ossuary)
  A human zombie (Ossuary)
  2 jellies
  3 hounds
  A gnoll bouda (D:4)
  5 orc priests
  An iguana (D:4)
  3 orc wizards (D:8)
  2 scorpion zombies (Ossuary)
  2 ogre zombies (Ossuary)
  3 gnolls (D:4)
  3 adders
  A shadow imp (D:6)
  A white imp (D:8)
  2 ufetubi
  4 adder zombies (Ossuary)
  A dart slug (D:4)
  20 orcs
  3 bats
  3 endoplasms
  3 giant cockroaches
  2 gnoll zombies (Ossuary)
  6 goblins
  6 hobgoblins
  14 jackals
  5 quokkas
  5 ball pythons
  2 frilled lizards (D:1)
  4 goblin zombies (Ossuary)
  2 hobgoblin zombies (Ossuary)
  13 kobolds
  4 orc zombies (Ossuary)
  5 rats
186 creatures vanquished.

Vanquished Creatures (collateral kills)
  A yak (D:9)
1 creature vanquished.

Vanquished Creatures (others)
  A yak (D:9)
1 creature vanquished.

Grand Total: 188 creatures vanquished

Notes
Turn   | Place    | Note
-------+----------+-------------------------------------------
     0 | D:1      | BreadTh the Troll Hedge Wizard began the quest for the Orb.
     0 | D:1      | Reached XP level 1. HP: 16/16 MP: 2/2
   100 | D:1      | Reached skill level 1 in Unarmed Combat
   110 | D:1      | Reached XP level 2. HP: 26/26 MP: 4/4
   127 | D:1      | Reached skill level 1 in Conjurations
   732 | D:2      | Reached XP level 3. HP: 30/32 MP: 5/5
   811 | D:2      | Found a faded altar of an unknown god.
   835 | D:2      | You fall into a shaft and drop 2 floors!
   865 | D:4      | Reached skill level 1 in Fighting
   867 | D:4      | Reached skill level 2 in Unarmed Combat
   929 | D:3      | Got the Quarto of Wintry Transmogrification
  1303 | D:3      | Reached XP level 4. HP: 41/41 MP: 6/6
  1543 | D:3      | Noticed a necrophage
  1551 | D:3      | Killed a necrophage
  1552 | D:3      | Reached skill level 3 in Unarmed Combat
  1672 | D:3      | Reached XP level 5. HP: 49/49 MP: 7/7
  2256 | D:4      | Reached skill level 4 in Unarmed Combat
  2305 | D:4      | Reached XP level 6. HP: 56/57 MP: 8/8
  2469 | D:4      | Identified the +6 short sword of Ketudig {freeze, Dex+6}
  2723 | D:5      | Entered Level 5 of the Dungeon
  2830 | D:5      | Noticed Edmund
  2837 | D:5      | Killed Edmund
  2893 | D:5      | Found a staircase to the Ecumenical Temple.
  2903 | Temple   | Entered the Ecumenical Temple
  3135 | Temple   | Became a worshipper of Warmaster Okawaru
  3344 | D:5      | Reached skill level 5 in Unarmed Combat
  3388 | D:5      | Learned a level 3 spell: Conjure Flame
  3392 | D:5      | Learned a level 3 spell: Mephitic Cloud
  3496 | D:5      | Reached XP level 7. HP: 53/66 MP: 9/9
  3742 | D:6      | Noticed Menkaure
  3757 | D:6      | Killed Menkaure
  3757 | D:6      | Reached * piety under Okawaru
  3862 | D:6      | Reached skill level 6 in Unarmed Combat
  3999 | D:6      | Reached XP level 8. HP: 73/76 MP: 10/10
  4119 | D:6      | Reached skill level 7 in Unarmed Combat
  4142 | D:6      | Reached ** piety under Okawaru
  4865 | D:7      | Reached skill level 8 in Unarmed Combat
  5141 | D:7      | Reached XP level 9. HP: 85/85 MP: 11/11
  5152 | D:7      | Found a runed translucent door.
  5152 | D:7      | Noticed kalagan's ghost (novice DECj)
  5357 | D:7      | Found the +8 frozen axe "Frostbite" {freezing cloud, *Noise
                  | Fly rC+}
  5837 | D:7      | Killed kalagan's ghost
  5837 | D:7      | Reached *** piety under Okawaru
  5838 | D:7      | Reached skill level 5 in Fighting
  5907 | D:8      | Reached skill level 9 in Unarmed Combat
  5940 | D:8      | Identified a scroll of acquirement
  5940 | D:8      | Acquired 937 gold pieces
  6077 | D:8      | Reached skill level 5 in Conjurations
  6169 | D:8      | Found a sand-covered staircase.
  6174 | Ossuary  | Entered an ossuary
  6345 | Ossuary  | Reached **** piety under Okawaru
  6346 | Ossuary  | Reached skill level 10 in Unarmed Combat
  6346 | Ossuary  | Noticed a silent spectre
  6491 | D:8      | Found a sparkling altar of Nemelex Xobeh.
  6591 | D:8      | Found a white marble altar of Elyvilon.
  6632 | D:8      | Reached XP level 10. HP: 83/98 MP: 12/12
  6755 | D:8      | Noticed a centaur warrior
  6760 | D:8      | Killed a centaur warrior
  6760 | D:8      | Reached ***** piety under Okawaru
  7290 | D:9      | Noticed Erica
  7300 | D:9      | Killed Erica
  7301 | D:9      | Reached skill level 11 in Unarmed Combat
  7328 | D:9      | Identified the +1 robe of Fortification {rF+} (Okawaru
                  | gifted it to you on level 9 of the Dungeon)
  7328 | D:9      | Received a gift from Okawaru
  7333 | D:9      | HP: 1/100 [wyvern (12)]
  7457 | D:9      | Noticed a two-headed ogre
  7470 | D:9      | HP: 5/100 [killer bee (8)]
  7470 | D:9      | Constricted to death by an orc warrior

Illustrated notes

Levels and vault maps discovered:
D:1:      amcnicky_arrival_blooded_trapdoor, layout_rooms, moated_statue
D:2:      layout_basic, hellmonk_ecumenical_altar_heavens_door
D:3:      layout_basic
D:4:      layout_basic, solitary_fountain
D:5:      layout_rooms, minmay_temple_entry_antechambers, kennysheep_diamond,
          uniq_edmund
D:6:      layout_basic, uniq_menkaure
D:7:      layout_cave_pods, hellmonk_ghost_happy_afterlife
D:8:      layout_basic, elyvilon_altar_4, nemelex_diamond_rough_becter,
          enter_ossuary_5, wad_mini_maze
D:9:      layout_big_octagon, nicolae_overflow_hidden_temple, enter_bailey_7,
          uniq_erica
Temple:   regret_index_temple_generic_petals

Skill      XL: |  1  2  3  4  5  6  7  8  9 10 |
---------------+-------------------------------+-----
Unarmed Combat | 1 2 3 4 5 6 8 10 11 | 11.6
Conjurations   | 1 2 3 4 5 6 |  6.3
Fighting       | 1 2 3 4 5 6 |  6.8
Dodging        | |  1.5
Stealth        | |  1.0
Spellcasting   | |  2.0
Summonings     | |  0.6
Translocations | |  0.6

Action                   |  1- 3 |  4- 6 |  7- 9 | 10-12 || total
-------------------------+-------+-------+-------+-------++-------
Melee: Unarmed           |   121 |   133 |   301 |    78 ||   633
       Punch             |     2 |     2 |    17 |     4 ||    25
 Cast: Magic Dart        |       |       |     3 |       ||     3
       Conjure Flame     |       |       |     2 |       ||     2
       Mephitic Cloud    |       |       |       |     3 ||     3
Invok: Heroism           |       |       |       |     3 ||     3
  Use: Potion            |       |     1 |       |     2 ||     3
       Scroll            |       |       |    14 |     9 ||    23
 Stab: Sleeping          |     1 |     4 |     1 |       ||     6
       Distracted        |       |       |     1 |       ||     1
       Confused          |       |       |       |     2 ||     2
Armor: Robe              |    40 |    25 |   128 |    25 ||   218
       Steam dragon scal |       |       |       |    22 ||    22
Dodge: Dodged            |    49 |    47 |   125 |    46 ||   267
